 Dungeon Crawl Stone Soup version 0.28.0-53-g5a82cb258f (webtiles) character file.

Game seed: 16330076136733411089

49 styxcanada the Sneak (level 3, -3/18 HPs)
             Began as a Spriggan Brigand on Aug 10, 2022.
             Killed from afar by Natasha (9 damage)
             ... with a magic dart
             ... on level 2 of the Dungeon.
             The game lasted 00:05:32 (2079 turns).

styxcanada the Sneak (Spriggan Brigand)             Turns: 2079, Time: 00:05:32

Health: -3/18      AC:  3    Str:  7    XL:     3   Next: 53%
Magic:  4/4        EV: 21    Int: 12    God:
Gold:   56         SH:  0    Dex: 18    Spells: 2/2 levels left

rFire   . . .      SeeInvis +   a - +2 dagger
rCold   . . .      Faith    .   (no shield)
rNeg    . . .      Spirit   .   b - +0 robe
rPois   .          Reflect  .   (helmet restricted)
rElec   .          Harm     .   c - +0 cloak
rCorr   .          Rampage  .   (gloves unavailable)
Will    .....                   (boots unavailable)
Stlth   ++++......              (no amulet)
HPRegen 0.06/turn               g - +4 ring of evasion
MPRegen 0.09/turn               (no ring)

@: very quick
A: very small, no large weapons, unfitting armour, see invisible, speed 3
a: no special abilities


You were on level 2 of the Dungeon.
You visited 1 branch of the dungeon, and saw 2 of its levels.

You collected 56 gold pieces.

Inventory:

Hand Weapons
 a - a +2 dagger (weapon)
 h - a +0 hunting sling
Missiles
 d - 6 poisoned darts (quivered)
 e - 2 curare-tipped darts
 l - 14 stones
Armour
 b - a +0 robe (worn)
 c - a +0 cloak (worn)
Magical Staves
 k - a staff of death
Jewellery
 g - a +4 ring of evasion (left hand)
 i - a ring of fire
 n - a +6 ring of intelligence
Scrolls
 j - a scroll of magic mapping
Potions
 f - a potion of magic {unknown}
 m - a potion of lignification {unknown}


   Skills:
 * Level 2.0 Fighting
 + Level 2.3 Short Blades
 + Level 2.2 Throwing
 * Level 2.0 Dodging
 * Level 7.1 Stealth


You had 2 spell levels left.
You didn't know any spells.
Your spell library was empty.

Dungeon Overview and Level Annotations

Branches:
Dungeon (2/15)

Altars:

Annotations:
D:2 Natasha


Innate Abilities, Weirdness & Mutations

You are very small and have problems with some larger weapons.
You are too small for most types of armour.
You have supernaturally acute eyesight. (SInv)
You cover ground extremely quickly. (Speed+++)


Message History

The hobgoblin is severely wounded.
The hobgoblin barely misses you.
You hit the hobgoblin.
You kill the hobgoblin!
Your Dodging skill increases to level 2!
You see here a +0 hunting sling.
h - a +0 hunting sling You see here a +0 dagger.
d - 6 poisoned darts (gained 1)
Things that are here:
a +0 short sword; a kobold corpse
j - a scroll of magic mapping You start resting.
HP restored.
You open the door.
There is an open door here.
Natasha, Servant of Life and Death comes into view.
Natasha hisses angrily.
You see here a +6 ring of intelligence.
n - a +6 ring of intelligence Natasha howls an incantation.
You feel troubled. Natasha casts a spell at you. The magic dart hits you.
You hit Natasha but do no damage. Natasha misses you.
You closely miss Natasha. Natasha misses you.
You miss Natasha. Natasha misses you.
You hit Natasha but do no damage. You hit Natasha.
Natasha is moderately wounded.
Natasha claws you.
You hit Natasha but do no damage.
Natasha is moderately wounded.
Natasha completely misses you.
You hit Natasha.
Natasha is moderately wounded.
Natasha casts a spell at you. The magic dart hits you!
Ouch! That really hurt!
You die...

.#'###........,,**,,,,,,,********
............#*****,,,,,,,*
............# *,,,,,,,**
............# *,,,,,,,,*
..........##* ***,,,,,,*
..........# *,,,.,,* ...).)....#
**,...,,*
..........#########.....,,*******
..........'.....@h......,,,,,,,,,
..#.......#########.....,,*******
†.+.......+,,,,,* *,<...,,,,,,,,,
..#####...#****,* *****#*,******,
............,<,,* *,,,,* *,
##.....#####***** *,,,,******+
*......,* *,,,,,,,,,,, **.....#,*
*,,,,,,,,,,, ,+.....#,*
***,,,,,,,,,


You could see Natasha.

Vanquished Creatures
  A dart slug (D:1)
  2 endoplasms
  2 giant cockroaches
  4 goblins
  5 hobgoblins
  6 jackals (D:1)
  A quokka (D:2)
  3 ball pythons (D:1)
  7 bats (D:1)
  3 frilled lizards (D:1)
  5 kobolds
  2 rats (D:1)
41 creatures vanquished.

Vanquished Creatures (others)
  9 plants (D:1)
9 creatures vanquished.

Grand Total: 50 creatures vanquished

Notes
Turn   | Place    | Note
-------+----------+-------------------------------------------
     0 | D:1      | styxcanada the Spriggan Brigand began the quest for the
                  | Orb.
     0 | D:1      | Reached XP level 1. HP: 10/10 MP: 2/2
    34 | D:1      | Reached skill level 6 in Stealth
    70 | D:1      | Reached XP level 2. HP: 8/15 MP: 3/3
   856 | D:1      | Reached XP level 3. HP: 4/18 MP: 4/4
  1503 | D:1      | Reached skill level 7 in Stealth
  2068 | D:2      | Noticed Natasha
  2079 | D:2      | Killed from afar by Natasha

Illustrated notes

Levels and vault maps discovered:
D:1:      saegor_arrival_under_anarchy, layout_rooms, chequers_big_river
D:2:      layout_basic, uniq_natasha

Skill      XL: |  1  2  3 |
---------------+----------+-----
Stealth        | 6 7 |  7.1
Fighting       | 2 |  2.0
Dodging        | 2 |  2.0
Short Blades   | |  2.3
Throwing       | |  2.2

Action                   || total
-------------------------++-------
Melee: Dagger            ||   151
       Punch             ||     1
Throw: Dart              ||     6
  Use: Scroll            ||     2
 Stab: Sleeping          ||     4
Armor: Robe              ||    21
Dodge: Dodged            ||    99
